 Dungeon Crawl Stone Soup version 0.31-a0-881-ge136f0c47a (webtiles) character file.

Game seed: 3673909712956848463

4 greenreed the Trooper (level 1, 12/12 (18) HPs)
             Began as a Formicid Berserker on Oct 15, 2023.
             Was a Follower of Trog.
             Got out of the dungeon alive.
             The game lasted 00:00:52 (85 turns).

greenreed the Trooper (Formicid Berserker)            Turns: 85, Time: 00:00:53

HP:   12/12 (18)    AC:  2    Str: 21    XL:     1   Next: 77%
MP:   1/1           EV: 12    Int:  6    God:    Trog [*.....]
Gold: 14            SH:  0    Dex: 13    Spells: 0/0 levels left

rFire   . . .        a - +0 hand axe
rCold   . . .        (no shield)
rNeg    . . .        b - +0 animal skin
rPois   .            (helmet unavailable)
rElec   .            (no cloak)
rCorr   .            (no gloves)
SInv    +            (no boots)
Will    .....        (no amulet)
Stlth   +            (no ring)
HPRegen 0.22/turn    (no ring)
MPRegen 0.07/turn

%: no passive effects
@: very heavily drained
A: permanent stasis, dig shafts and tunnels, antennae 3, four strong arms
a: Dig, Shaft Self, Renounce Religion


You escaped.
You worshipped Trog.
Trog was aware of your devotion.
You visited 1 branch of the dungeon, and saw 1 of its levels.

You collected 14 gold pieces.

Inventory:

Hand Weapons
 a - a +0 hand axe (weapon)
Armour
 b - a +0 animal skin (worn)
Potions
 c - a potion of invisibility {unknown}


   Skills:
 + Level 3.3 Fighting
 + Level 3.1 Axes
 + Level 2.3 Armour
 + Level 1.9 Dodging


You couldn't memorise any spells.
You didn't know any spells.
Your spell library was empty.

Dungeon Overview and Level Annotations

Branches:
Dungeon (1/15)

Altars:


Innate Abilities, Weirdness & Mutations

You cannot be hasted, slowed, berserked, paralysed or teleported.
You can dig through walls and to a lower floor.
You have a pair of large antennae on your head. (SInv)
Your four strong arms can wield two-handed weapons with a shield.


Message History

A bat comes into view.
A bat is nearby!
A bat is nearby!
No target in view!
No target in view!
No target in view!
No target in view!
No target in view!
No target in view!
No target in view!
No target in view!
No target in view!
No target in view!
No target in view!
The bat misses you.
You closely miss the bat. The bat hits you but does no damage.
The bat barely misses you.
You barely miss the bat. Your punch misses the bat. The bat closely misses you.
The bat hits you but does no damage. The bat hits you.
A bat is nearby!
You closely miss the bat. The bat hits you. x2
An endoplasm comes into view.
The bat barely misses you.
You hit the bat.
You kill the bat!
Trog accepts your kill.
The endoplasm quivers.
Found a helmet.
The endoplasm closely misses you.
You hit the endoplasm.
The endoplasm is almost dead.
The endoplasm freezes you.
You are frozen.
You hit the endoplasm.
You kill the endoplasm!
Trog accepts your kill.
No target in view!
There is an open door here.
There is a staircase leading out of the dungeon here.
You can't go down here!
You have escaped!

#+# { #.#
###.### #..@..#
######.#######
+.............+
####.#####.#####
#.#####.##..##
..
.........'...##
..#
####.######...##
... .. #....#
#.#####
##....###


There were no monsters in sight!

Vanquished Creatures
  An endoplasm (D:1)
  A kobold (D:1)
  A quokka (D:1)
  A bat (D:1)
4 creatures vanquished.

Notes
Turn   | Place    | Note
-------+----------+-------------------------------------------
     0 | D:1      | greenreed the Formicid Berserker began the quest for the
                  | Orb.
     0 | D:1      | Reached XP level 1. HP: 18/18 MP: 1/1
    20 | D:1      | Found a faded altar of an unknown god.
    85 | D:$      | Got out of the dungeon alive.

Illustrated notes

Levels and vault maps discovered:
D:1:      shiori_shiawase, layout_rooms, ebering_ecumenical_altar_sacrificial,
          minmay_pentomino_r4

Action                     || total
---------------------------++-------
  Melee: Hand axe          ||    13
 Armour: Animal skin       ||     9
  Dodge: Dodged            ||     9

Table legend: (Time is in decaauts)
 A = Elapsed time spent in this place.
 B = Non-inter-level travel time spent in this place.
 C = Inter-level travel time spent in this place.
 D = Time resting spent in this place.
 E = Time spent auto-exploring this place.
 F = Levels seen in this place.
 G = Mean time per level.
                   A        B        C        D        E       F      G
               +--------+--------+--------+--------+--------+-----+--------+
         Total |     87 |     58 |     29 |      0 |     22 |   1 |   87.0 |
       Dungeon |     87 |     58 |     29 |      0 |     22 |   1 |   87.0 |
               +--------+--------+--------+--------+--------+-----+--------+

Top non-repeatable levels by time:
     D:1: 87 daAuts
